 Dungeon Crawl Stone Soup version 0.31-a0-700-gf13585253f (webtiles) character file.

Game seed: 6963326975179576233

19741 pokeman the Eclecticist (level 12, -11/68 HPs)
             Began as a Deep Elf Hedge Wizard on Sept 7, 2023.
             Was an Elder of Vehumet.
             Mangled by a boulder beetle (13 damage)
             ... on level 11 of the Dungeon.
             The game lasted 00:37:26 (13734 turns).

pokeman the Eclecticist (Deep Elf Hedge Wizard)    Turns: 13734, Time: 00:37:27

Health: -11/68     AC:  6    Str:  7    XL:     12   Next: 39%
Magic:  4/35       EV: 13    Int: 33    God:    Vehumet [****..]
Gold:   650        SH:  0    Dex: 14    Spells: 8/45 levels left

rFire   . . .        U - +1 falchion "Vyloareth" {freeze, rElec Int+3}
rCold   . . .        (no shield)
rNeg    + . .        c - +2 robe {Will+}
rPois   .            n - +0 helmet
rElec   +            (no cloak)
rCorr   +            E - +0 pair of gloves
SInv    .            (no boots)
Will    ++++.        q - amulet of Suspected Treachery {Acrobat Contam Will++ Int+5}
Stlth   ++           g - ring of positive energy
HPRegen 0.31/turn    V - ring of resist corrosion
MPRegen 0.24/turn

%: acrobat
@: no status effects
A: no striking features
a: Renounce Religion


You were on level 11 of the Dungeon.
You worshipped Vehumet.
Vehumet was greatly pleased with you.
You visited 2 branches of the dungeon, and saw 13 of its levels.

You collected 967 gold pieces.
You spent 317 gold pieces at shops.

Inventory:

Hand Weapons
 U - the +1 falchion "Vyloareth" (weapon) {freeze, rElec Int+3}
   (You found it on level 11 of the Dungeon)

   Int+3:     It affects your intelligence (+3).
   rElec:     It insulates you from electricity.
Missiles
 t - 2 throwing nets
Armour
 c - a +2 robe of willpower (worn)
 n - a +0 helmet (worn)
 u - a +2 leather armour of cold resistance
 w - a +2 robe of fire resistance
 E - a +0 pair of gloves (worn)
Magical Staves
 H - a staff of cold
Jewellery
 g - a ring of positive energy (left hand)
 q - the amulet of Suspected Treachery (around neck) {Acrobat Contam Will++ Int+5}
   (You found it on level 4 of the Dungeon)

   [amulet of the acrobat]

   Acrobat:   It increases your evasion while moving and waiting.
   Int+5:     It affects your intelligence (+5).
   Will++:    It greatly increases your willpower.
   Contam:    It causes magical contamination when unequipped.
 V - a ring of resist corrosion (right hand)
Wands
 p - a wand of paralysis (21)
 z - a wand of polymorph (9)
 D - a wand of roots (14)
 N - a wand of quicksilver (7)
Scrolls
 b - 9 scrolls of teleportation
 F - 3 scrolls of revelation
 M - a scroll of butterflies {unknown}
 P - a scroll of fear {unknown}
 Q - 2 scrolls of fog {unknown}
 S - a scroll of acquirement {unknown}
 T - a scroll of brand weapon {unknown}
Potions
 a - 4 potions of curing
 d - 2 potions of magic
 x - a potion of resistance {unknown}
 B - 2 potions of haste {unknown}
 G - a potion of lignification {unknown}
 I - 3 potions of attraction {unknown}
 J - a potion of invisibility {unknown}
 K - a potion of brilliance {unknown}
 R - a potion of cancellation {unknown}


   Skills:
 - Level 5.0 Fighting
 + Level 5.2 Armour
 - Level 3.0 Dodging
 - Level 3.1 Stealth
 * Level 17.1 Spellcasting
 + Level 10.2 Conjurations
 - Level 1.1 Summonings
 - Level 1.0 Necromancy
 - Level 1.1 Translocations
 - Level 1.0 Transmutations
 + Level 9.4 Fire Magic
 - Level 3.0 Ice Magic
 - Level 1.0 Air Magic
 - Level 1.0 Earth Magic
 - Level 1.3 Poison Magic
 - Level 1.0 Evocations


You had 8 spell levels left.
You knew the following spells:

 Your Spells              Type           Power      Damage    Failure   Level
a - Magic Dart            Conj           100%       1d8       0%          1
b - Mephitic Cloud        Conj/Pois/Air  54%        N/A       1%          3
c - Call Imp              Summ           70%        N/A       1%          2
d - Blink                 Tloc           70%        N/A       1%          2
e - Stone Arrow           Conj/Erth      100%       3d13      1%          3
f - Fireball              Conj/Fire      37%        3d15      1%          5
g - Starburst             Conj/Fire      37%        6d11      1%          6
h - Ignite Poison         Fire/Tmut/Pois 52%        N/A       1%          3
i - Freezing Cloud        Conj/Ice/Air   28%        6-21      1%          5
j - Orb of Destruction    Conj           38%        9d11      4%          7

Your spell library contained the following spells:

 Spells                   Type           Power      Damage    Failure   Level
 Lee's Rapid Deconstruct  Erth           17%        3d10*     7%          5
 Sandblast                Erth           68%        2d15      1%          1
 Slow                     Hex            100%       N/A       1%          1
 Cigotuvi's Dreadful Rot  Necr/Pois/Air  70%        N/A       1%          2
 Ensorcelled Hibernation  Hex/Ice        76%        N/A       1%          2
 Jinxbite                 Hex            56%        N/A       1%          2
 Passwall                 Tmut/Erth      28%        N/A       1%          2
 Dazzling Flash           Conj/Hex       100%       N/A       1%          3
 Volatile Blastmotes      Fire/Tloc      100%       2d18      1%          3
 Fulminant Prism          Conj/Hex       29%        3d13      1%          4
 Iskenderun's Mystic Bla  Conj/Tloc      60%        2d13      1%          4
 Iskenderun's Battlesphe  Conj           77%        2d13      1%          5
 Conjure Ball Lightning   Conj/Air       30%        3x3d10    6%          6
 Animate Armour           Summ/Erth      70%        N/A       9%          4
 Anguish                  Hex/Necr       15%        N/A       11%         4
 Ozocubu's Refrigeration  Ice            24%        4d12      61%         7
 Simulacrum               Ice/Necr       20%        N/A       67%         6
 Lehudib's Crystal Spear  Conj/Erth      30%        10d8      89%         8
 Malign Gateway           Summ/Tloc      17%        N/A       100%        7
 Maxwell's Capacitive Co  Air            17%        ∞         100%        8
 Summon Horrible Things   Summ           17%        N/A       100%        8
 Polar Vortex             Ice            24%        12d3*     100%        9


Dungeon Overview and Level Annotations

Branches:
Dungeon (12/15)            Temple (1/1) D:4            Lair (0/5) D:9
    Orc: D:9-12

Altars:
Ashenzari
Cheibriados
Dithmenos
Elyvilon
Fedhas
Gozag
Hepliaklqana
Kikubaaqudgha
Makhleb
Nemelex Xobeh
Okawaru
Qazlal
Ru
Sif Muna
Trog
Uskayaw
Vehumet
Wu Jian
Xom
Yredelemnul
Zin
The Shining One

Shops:
D:8 (   D:10 *[*[?


Message History

The boulder beetle is severely wounded.
Aiming: Paralyse
Press: ? - help, Shift-Dir - straight line, f/p - boulder beetle
Aim: a boulder beetle (severely wounded, confused, chance to affect: 33%)
The boulder beetle easily resists.
The boulder beetle bites you.
Aiming: Paralyse
Press: ? - help, Shift-Dir - straight line, f/p - boulder beetle
Aim: a boulder beetle (severely wounded, confused, chance to affect: 33%)
The boulder beetle easily resists.
Aiming: Paralyse
Press: ? - help, Shift-Dir - straight line, f/p - boulder beetle
Aim: a boulder beetle (severely wounded, confused, chance to affect: 33%)
The boulder beetle suddenly stops moving!
There is a stone staircase leading down here.
The helpless boulder beetle fails to defend itself.
You hit the boulder beetle but do no damage.
The boulder beetle is severely wounded.
The helpless boulder beetle fails to defend itself.
You slash the boulder beetle! You freeze the boulder beetle.
The boulder beetle is almost dead.
The helpless boulder beetle fails to defend itself.
You hit the boulder beetle but do no damage.
The boulder beetle is almost dead.
The helpless boulder beetle fails to defend itself.
You hit the boulder beetle but do no damage.
The boulder beetle is almost dead.
The helpless boulder beetle fails to defend itself.
You hit the boulder beetle but do no damage.
The boulder beetle is almost dead.
The helpless boulder beetle fails to defend itself.
You hit the boulder beetle but do no damage.
The boulder beetle is almost dead.
The boulder beetle is no longer paralysed.
The boulder beetle bites you!!
* * * LOW HITPOINT WARNING * * *
Aiming: Paralyse
Press: ? - help, Shift-Dir - straight line, f/p - boulder beetle
Aim: a boulder beetle (almost dead, confused, chance to affect: 33%)
The boulder beetle easily resists.
The boulder beetle bites you!
You die...

#..).##.# #.#.##.#..
#.##.##.##########.#.##.#..
#.##)##......(.....#.......
#.##)############..#.##.##.
#.##)# #..#.##.##. #.##.#
#######..#.##.... #.##.#
#........#.#####.
#.##.######B#####.##.# ##
#......)..@.# #.##.###
####.######## #.##...# #.#
#......# #.# ####...####
#.# #....... ###.# ##..####
#...# #..## #.### #...# #.#
#...#


You could see a boulder beetle (confused).

Vanquished Creatures
  A hydra (D:10)
  3 centaur warriors (D:10)
  An ogre mage (D:10)
  3 two-headed ogres
  A boulder beetle (D:10)
  Lodul (D:10)
  Pikel (D:5)
  An ugly thing (D:10)
  4 cyclopes
  A kobold demonologist (D:10)
  A queen bee (D:9)
  2 trolls (D:10)
  A wraith (D:10)
  2 slime creatures (D:12)
  20 yaks
  3 wyverns
  A basilisk (D:10)
  2 vampire mosquitoes (D:10)
  A steam dragon (D:8)
  3 water moccasins
  Duvessa (D:4)
  7 orc warriors
  3 ice beasts
  A black bear (D:4)
  2 centaurs
  8 ogres (D:10)
  2 lemures (D:5)
  2 phantoms (D:5)
  3 kobold brigands
  3 gnoll sergeants
  6 bullfrogs
  A scorpion (D:4)
  Dowan (D:4)
  12 wights
  18 killer bees
  A howler monkey (D:9)
  5 hounds
  8 orc priests
  5 jellies
  Jessica (D:3)
  An iguana (D:6)
  3 sleepcaps
  Natasha (thrice) (D:3)
  19 orc wizards
  17 gnolls
  11 adders
  A shadow imp (D:7)
  2 white imps
  3 worms
  5 dart slugs
  41 orcs
  7 bats
  7 endoplasms
  2 giant cockroaches
  9 goblins
  9 hobgoblins
  A quokka (D:1)
  9 ball pythons
  3 frilled lizards
  30 kobolds
  5 rats
331 creatures vanquished.

Notes
Turn   | Place    | Note
-------+----------+-------------------------------------------
     0 | D:1      | pokeman the Deep Elf Hedge Wizard began the quest for the
                  | Orb.
     0 | D:1      | Reached XP level 1. HP: 10/10 MP: 7/7
   339 | D:1      | Reached XP level 2. HP: 15/15 MP: 0/9
   784 | D:1      | Reached skill level 5 in Spellcasting
   858 | D:2      | Reached XP level 3. HP: 19/20 MP: 2/11
   862 | D:2      | Learned a level 3 spell: Mephitic Cloud
   866 | D:2      | Learned a level 2 spell: Call Imp
   869 | D:2      | Learned a level 2 spell: Blink
  1135 | D:2      | Reached skill level 1 in Fighting
  1135 | D:2      | Reached skill level 1 in Armour
  1460 | D:2      | Learned a level 3 spell: Stone Arrow
  1891 | D:3      | Found a glowing golden altar of the Shining One.
  1930 | D:3      | Reached XP level 4. HP: 25/25 MP: 4/13
  2097 | D:3      | Noticed Jessica
  2102 | D:3      | Killed Jessica
  2103 | D:3      | Reached skill level 6 in Spellcasting
  2103 | D:3      | Reached XP level 5. HP: 27/29 MP: 3/15
  2525 | D:3      | Noticed Natasha
  2530 | D:3      | Killed Natasha
  2647 | D:3      | Found a shadowy altar of Dithmenos.
  2727 | D:3      | Reached skill level 1 in Necromancy
  2945 | D:3      | Reached skill level 1 in Air Magic
  3035 | D:3      | Noticed Natasha
  3037 | D:3      | Killed Natasha
  3301 | D:3      | Noticed Natasha
  3303 | D:3      | Killed Natasha
  3304 | D:3      | Reached XP level 6. HP: 34/34 MP: 7/17
  3654 | D:4      | Reached skill level 1 in Earth Magic
  3674 | D:4      | Reached skill level 7 in Spellcasting
  3674 | D:4      | Reached skill level 1 in Poison Magic
  3766 | D:4      | Reached skill level 1 in Evocations
  3834 | D:4      | Found a staircase to the Ecumenical Temple.
  3846 | Temple   | Entered the Ecumenical Temple
  3885 | Temple   | Became a worshipper of Vehumet
  4049 | D:4      | Learned a level 6 spell: Starburst
  4051 | D:4      | Identified the amulet of Suspected Treachery {Acrobat
                  | Contam Will++ Int+5}
  4315 | D:4      | Noticed Duvessa
  4316 | D:4      | Noticed Dowan
  4335 | D:4      | Killed Duvessa
  4336 | D:4      | Reached skill level 1 in Fire Magic
  4336 | D:4      | Reached XP level 7. HP: 36/38 MP: 11/20
  4341 | D:4      | Killed Dowan
  4557 | D:5      | Entered Level 5 of the Dungeon
  4658 | D:5      | Reached skill level 8 in Spellcasting
  4740 | D:5      | Noticed a yak
  4740 | D:5      | Noticed a yak
  4740 | D:5      | Noticed a yak
  4741 | D:5      | Noticed a yak
  4742 | D:5      | Noticed a yak
  4763 | D:5      | Noticed a yak
  4766 | D:5      | Killed a yak
  4775 | D:5      | Killed a yak
  4776 | D:5      | Reached XP level 8. HP: 33/44 MP: 11/22
  4777 | D:5      | Reached skill level 9 in Spellcasting
  4780 | D:5      | Reached skill level 5 in Conjurations
  4794 | D:5      | Reached skill level 10 in Spellcasting
  4930 | D:5      | Noticed Pikel
  4956 | D:5      | Reached * piety under Vehumet
  4956 | D:5      | Offered knowledge of Kiss of Death by Vehumet.
  4958 | D:5      | Killed Pikel
  4959 | D:5      | Reached XP level 9. HP: 25/48 MP: 1/25
  5124 | D:5      | Found a shimmering altar of Xom.
  5151 | D:5      | Learned a level 3 spell: Ignite Poison
  5291 | D:5      | Reached skill level 11 in Spellcasting
  5296 | D:5      | Reached skill level 1 in Transmutations
  6113 | D:6      | Reached skill level 5 in Fire Magic
  6995 | D:7      | Reached skill level 12 in Spellcasting
  7178 | D:7      | Reached ** piety under Vehumet
  7178 | D:7      | Offered knowledge of Momentum Strike by Vehumet.
  8090 | D:8      | Reached XP level 10. HP: 55/56 MP: 23/28
  8326 | D:8      | Offered knowledge of Searing Ray by Vehumet.
  8563 | D:8      | Found Oshrucif's Weapon Emporium.
  8837 | D:9      | Found a staircase to the Lair.
  8846 | D:9      | Reached skill level 13 in Spellcasting
  8847 | D:9      | Reached skill level 1 in Ice Magic
  9137 | D:9      | Reached *** piety under Vehumet
  9903 | D:9      | Noticed a two-headed ogre
  9907 | D:9      | Killed a two-headed ogre
  9989 | D:9      | Reached skill level 14 in Spellcasting
 10102 | D:9      | Offered knowledge of Inner Flame by Vehumet.
 10337 | D:9      | Reached XP level 11. HP: 27/62 MP: 25/31
 10632 | D:9      | Identified the +3 leather armour of Surprise {Rampage
                  | Will++ Regen+ Str-2}
 10869 | D:10     | Entered Level 10 of the Dungeon
 10871 | D:10     | Found Tenoa's General Store.
 10896 | D:10     | Noticed a centaur warrior
 10899 | D:10     | Noticed an ogre mage
 10903 | D:10     | Noticed a boulder beetle
 11000 | D:10     | Found Tounlid's Assorted Antiques.
 11000 | D:10     | Found Temmiduca's Antique Armour Shop.
 11022 | D:10     | Killed an ogre mage
 11023 | D:10     | Reached skill level 5 in Fighting
 11029 | D:10     | Reached **** piety under Vehumet
 11037 | D:10     | Noticed a green ugly thing
 11254 | D:10     | Killed a centaur warrior
 11259 | D:10     | Killed a green ugly thing
 11260 | D:10     | Reached skill level 15 in Spellcasting
 11286 | D:10     | Killed a boulder beetle
 11293 | D:10     | Noticed a centaur warrior
 11293 | D:10     | Offered knowledge of Lee's Rapid Deconstruction by Vehumet.
 11296 | D:10     | Noticed a centaur warrior
 11299 | D:10     | Killed a centaur warrior
 11302 | D:10     | Killed a centaur warrior
 11473 | D:10     | Bought a scroll of noise for 12 gold pieces
 11473 | D:10     | Bought a scroll of teleportation for 36 gold pieces
 11473 | D:10     | Bought a scroll of teleportation for 36 gold pieces
 11473 | D:10     | Bought a scroll of teleportation for 36 gold pieces
 11482 | D:10     | Bought an amethyst potion for 27 gold pieces
 11482 | D:10     | Bought a scroll labelled KOKHLAI YMAERI for 30 gold pieces
 11482 | D:10     | Bought a scroll labelled ELAAGOSIKEWN for 30 gold pieces
 11981 | D:10     | Found Rell's Antique Armour Boutique.
 12062 | D:10     | Noticed Lodul
 12065 | D:10     | Reached skill level 16 in Spellcasting
 12071 | D:10     | Killed Lodul
 12072 | D:10     | Reached XP level 12. HP: 38/68 MP: 15/34
 12163 | D:10     | Noticed a five-headed hydra
 12168 | D:10     | Killed a five-headed hydra
 12341 | D:10     | Learned a level 5 spell: Fireball
 12347 | D:10     | Learned a level 5 spell: Freezing Cloud
 12355 | D:10     | Learned a level 7 spell: Orb of Destruction
 12441 | D:10     | Found Dahugh's Magic Scroll Shop.
 12444 | D:10     | Bought a scroll of teleportation for 33 gold pieces
 12444 | D:10     | Bought a scroll of teleportation for 33 gold pieces
 12444 | D:10     | Bought a scroll of identify for 22 gold pieces
 12444 | D:10     | Bought a scroll of identify for 22 gold pieces
 12575 | D:11     | Identified the +1 falchion "Vyloareth" {freeze, rElec
                  | Int+3}
 12686 | D:11     | Reached skill level 10 in Conjurations
 12688 | D:11     | Reached skill level 5 in Armour
 13112 | D:11     | Noticed a two-headed ogre
 13115 | D:11     | Killed a two-headed ogre
 13695 | D:12     | Noticed a two-headed ogre
 13697 | D:12     | Noticed a boulder beetle
 13710 | D:12     | Killed a two-headed ogre
 13711 | D:12     | Reached skill level 17 in Spellcasting
 13733 | D:11     | HP: 2/68 [boulder beetle (22)]
 13734 | D:11     | Mangled by a boulder beetle

Illustrated notes

Levels and vault maps discovered:
D:1:      giann_horns, layout_basic, hangedman_abyss_or_decor_stabs,
          nrook_loot_triangle
D:2:      layout_rooms
D:3:      layout_basic, nicolae_tso_swordbearing_angel,
          nicolae_dithmenos_the_darkroom, uniq_natasha, uniq_jessica
D:4:      layout_cave_pools, minmay_temple_entry_slanted,
          eino_small_chamber_without_monster, uniq_duvessa
D:5:      layout_cave_pods, minmay_ruined_shrine, uniq_pikel
D:6:      minmay_flawed_box, layout_loops_ring
D:7:      layout_basic, dreamdust_wishing_well, kennysheep_nub, moated_statue
D:8:      layout_rooms, serial_shops, shop
D:9:      layout_basic, lair_entry_dummy, minivault_7
D:10:     minmay_the_grid_octo_triangle [minmay_the_grid_octo_pinwheel,
          minmay_the_grid_octo_prize_square_snowflake,
          minmay_the_grid_octo_focus], layout_rooms, serial_shops, shop,
          nicolae_shop_real_fake_doors, nicolae_take_the_stairs, shop, shop,
          eino_small_chamber_without_monster, uniq_lodul
D:11:     layout_loops_ring
D:12:     layout_rooms, orc_0_dummy
Temple:   mainiacjoe_temple_big_plus

Skill      XL: |  1  2  3  4  5  6  7  8  9 10 11 12 |
---------------+-------------------------------------+-----
Spellcasting   | 5 6 7 8 10 12 14 16 17 | 17.1
Fighting       | 1 2 3 4 5 |  5.0
Armour         | 1 3 4 5 |  5.2
Conjurations   | 2 3 4 5 7 8 9 10 | 10.2
Dodging        | 3 |  3.0
Stealth        | 3 |  3.1
Necromancy     | 1 |  1.0
Air Magic      | 1 |  1.0
Earth Magic    | 1 |  1.0
Poison Magic   | 1 |  1.3
Evocations     | 1 |  1.0
Fire Magic     | 1 2 4 6 7 8 9 |  9.4
Transmutations | 1 |  1.0
Ice Magic      | 3 |  3.0
Summonings     | |  1.1
Translocations | |  1.1

Action                     |  1- 3 |  4- 6 |  7- 9 | 10-12 || total
---------------------------+-------+-------+-------+-------++-------
  Melee: Dagger            |     1 |     4 |       |       ||     5
         Short sword       |       |    10 |   141 |    46 ||   197
         Punch             |       |       |     2 |     1 ||     3
         Falchion          |       |       |       |    18 ||    18
   Cast: Magic Dart        |   106 |   114 |    73 |    37 ||   330
         Mephitic Cloud    |     1 |     4 |    34 |    48 ||    87
         Stone Arrow       |       |    15 |    17 |   115 ||   147
         Blink             |       |       |     1 |     4 ||     5
         Ignite Poison     |       |       |    17 |    24 ||    41
         Starburst         |       |       |       |     9 ||     9
         Call Imp          |       |       |       |     2 ||     2
         Fireball          |       |       |       |    29 ||    29
         Freezing Cloud    |       |       |       |     1 ||     1
  Evoke: Wand              |       |       |       |     5 ||     5
    Use: Scroll            |       |       |       |     9 ||     9
   Stab: Confused          |       |     1 |     6 |     9 ||    16
         Paralysed         |       |       |       |     6 ||     6
 Armour: Robe              |     9 |    16 |    85 |    93 ||   203
  Dodge: Dodged            |    16 |    29 |    84 |    71 ||   200

Table legend: (Time is in decaauts)
 A = Elapsed time spent in this place.
 B = Non-inter-level travel time spent in this place.
 C = Inter-level travel time spent in this place.
 D = Time resting spent in this place.
 E = Time spent auto-exploring this place.
 F = Levels seen in this place.
 G = Mean time per level.
                   A        B        C        D        E       F      G
               +--------+--------+--------+--------+--------+-----+--------+
         Total |  13746 |  13045 |    701 |    610 |  10594 |  13 | 1057.4 |
       Dungeon |  13641 |  13019 |    622 |    610 |  10594 |  12 | 1136.8 |
        Temple |    105 |     27 |     78 |      0 |      0 |   1 |  105.0 |
               +--------+--------+--------+--------+--------+-----+--------+

Top non-repeatable levels by time:
     D:9: 2162 daAuts
     D:3: 1800 daAuts
     D:5: 1408 daAuts
    D:10: 1363 daAuts
     D:7: 1202 daAuts
     D:6: 1036 daAuts
     D:4: 998 daAuts
    D:11: 965 daAuts
     D:8: 964 daAuts
     D:2: 856 daAuts
     D:1: 847 daAuts
  Temple: 105 daAuts
    D:12: 33 daAuts
